cohdb
Replays
Latest Replays
All Replays
Popular Replays
Top Player Replays
Match Explorer
How It Works
Community
CoH3 Stats
Reddit
Sign in to upload your games and track your stats! →
Sign in with Steam
Match 35828942
Unlisted
Match 35828942
Overview
Messages
Build Orders
End
Vickers Machine Gun Team
Construct Section Command Post
Infantry Section
Infantry Section
ML 3-inch Mortar Team
Construct Platoon Command Post
Humber Armored Car
Construct Company Command Post
Foot Guards Section
Foot Guards Section
Unlock M3 Grant Medium Tanks
Selects Heavy Armor Battlegroup
Selects Heavy Armor Battlegroup
Selects Light Vehicle Withdraw and Refit
Selects Forward Repair Assembly
Selects Recon Artillery
M3 Grant Medium Tank
Recon Artillery
Henry Shi
Darkness
Redwarx
Mayfly
spekrtp
matrix4x4
dong
프릴e
0
0
Comments
sign in to comment!
No comments posted yet!